[Event "*** Titled Tuesday Blitz"]
[Site "Chess.com"]
[Date "2021.03.30"]
[Round "1"]
[White "sergeikim"]
[Black "ChessWarrior3"]
[Result "1-0"]
[WhiteElo "2507"]
[BlackElo "2101"]
[TimeControl "180+1"]
[EndTime "10:04:59 PDT"]
[Termination "sergeikim won by resignation"]

1. d4 Nf6 2. c4 g6 3. Nc3 d5 4. cxd5 Nxd5 5. e4 Nxc3 6. bxc3 Bg7 7. Bc4 c5 8. Ne2 Nc6 9. Be3 cxd4 10. cxd4 Qa5+ 11.
Qd2 Qxd2+ 12. Kxd2 O-O 13. Rhd1 Na5 14. Bd3 Be6 15.
Ke1 Bc4 16. Bxc4 Nxc4 17. Rab1 Rab8 18. Bf4 e5 19. Bg3 f6 20. Rdc1 b5 21. dxe5 fxe5 22. Nc3 a6 23. Nd5 Rb7 24. Rxc4 a5 25. Rc5 Rfb8 26.
Rc7 Rxc7 27. Nxc7 b4 28. Nd5 Rc8 29. Kd1 Kf7 30. Rc1 Rxc1+ 31. Kxc1 Ke6 32. Kc2 g5 33. Kb3 h5 34. f3 1-0

[Event "*** Titled Tuesday Blitz"]
[Site "Chess.com"]
[Date "2021.03.30"]
[Round "1"]
[White "BahadirOzen"]
[Black "tgpgoat"]
[Result "1-0"]
[WhiteElo "2776"]
[BlackElo "2412"]
[TimeControl "180+1"]
[EndTime "10:05:00 PDT"]
[Termination "BahadirOzen won by resignation"]

1. g3 g6 2. Bg2 Bg7 3. d4 d5 4. Nf3 c6 5. O-O Nf6 6. c4 O-O 7. cxd5 cxd5 8. Ne5 Nc6 9. Nc3 Bf5 10. Nxc6 bxc6 11.
Bf4 Rc8 12. Rc1 c5 13. Be5 c4 14. Bxf6 Bxf6 15. Nxd5 Bg7 16. e3 Be6 17. Nf4 Bd7 18. Bd5 Qb6 19. Qe2 Bb5 20. Bxc4 Bxc4 21. Rxc4 Rxc4 22. Qxc4 Qxb2 23. Nd5 e6 24. Ne7+ Kh8 25. Rc1 Bf6 26. Nc6 Rc8 27. Kg2 a5 28. a4 Bg7 29. Rc2 Qb7 30. Qb5 Qd7 31. Nxa5 Qd8 32.
Rxc8 Qxc8 33. Nc6 Bf8 34. a5 Kg7 35. a6 Qa8 36. Qb7 1-0

[Event "*** Titled Tuesday Blitz"]
[Site "Chess.com"]
[Date "2021.03.30"]
[Round "1"]
[White "rynos0411"]
[Black "anon102030"]
[Result "0-1"]
[WhiteElo "2398"]
[BlackElo "2733"]
[TimeControl "180+1"]
[EndTime "10:05:00 PDT"]
[Termination "anon102030 won by resignation"]

1. d4 Nf6 2. c4 e5 3. dxe5 Ng4 4. Nf3 Nc6 5. g3 Ngxe5 6. Nxe5 Nxe5 7. b3 Qf6 8. Nc3 Bb4 9. Bd2 Bxc3 10. Bxc3 Nf3+ 11.
exf3 Qxc3+ 12. Ke2 O-O 13. Bg2 Re8+ 14. Kf1 d6 15. Rc1 Qa5 16. Qc2 Bf5 17. Qb2 Bd3+ 18.
Kg1 Re1+ 19. Bf1 Bxf1 20. b4 Rae8 0-1

[Event "*** Titled Tuesday Blitz"]
[Site "Chess.com"]
[Date "2021.03.30"]
[Round "1"]
[White "Kretov_Evgenij"]
[Black "SameerMujumdar"]
[Result "1-0"]
[WhiteElo "2580"]
[BlackElo "2282"]
[TimeControl "180+1"]
[EndTime "10:05:00 PDT"]
[Termination "Kretov_Evgenij won by resignation"]

1. d4 Nf6 2. c4 g6 3. Nc3 Bg7 4.
e4 d6 5. Be2 O-O 6. Bg5 Nc6 7. d5 Ne5 8. f4 Ned7 9. Nf3 Ng4 10. Qd2 f5 11. h3 fxe4 12. hxg4 exf3 13. gxf3 Nc5 14. O-O-O Qd7 15. Bd3 Nxd3+ 16. Qxd3 b5 17. Nxb5 Rb8 18. Rde1 Rf7 19. Bh6 Bh8 20. f5 gxf5 21.
gxf5 Rxf5 22. Rhg1+ Kf7 23. Re6 Qxe6 24. dxe6+ Bxe6 25. Nd4 Bxd4 26. Qxd4 Rf6 27. Rg7+ Ke8 28. Bg5 Rf7 29.
Rg8+ 1-0

[Event "*** Titled Tuesday Blitz"]
[Site "Chess.com"]
[Date "2021.03.30"]
[Round "1"]
[White "Mazanchenko_Dmitry"]
[Black "dcremisi"]
[Result "0-1"]
[WhiteElo "2205"]
[BlackElo "2531"]
[TimeControl "180+1"]
[EndTime "10:05:00 PDT"]
[Termination "dcremisi won by resignation"]

1. e4 e6 2. d4 d5 3. Nc3 Nf6 4. Bg5 Be7 5. e5 Nfd7 6. h4 h6 7. Bxe7 Qxe7 8. Qg4 O-O 9. Nce2 c5 10. c3 cxd4 11. Nf3 dxc3 12. Nxc3 Nc6 13. Qg3 d4 14. Ne4 Qb4+ 15. Nfd2 Ndxe5 16. f4 Ng6 17. h5 Nge7 18. Bd3 Nf5 19. Nf6+ Kh8 20. Bxf5 exf5 21. Nd5 Qc5 22. Nc7 Qe7+ 23. Kf2 Qxc7 24. Nf3 Be6 25. Rac1 d3 26. Rhd1 Qb6+ 27. Kf1 Rad8 28. b3 Qe3 29. Re1 d2 30.
Nxd2 Qxg3 0-1

[Event "*** Titled Tuesday Blitz"]
[Site "Chess.com"]
[Date "2021.03.30"]
[Round "1"]
[White "Firouzja2003"]
[Black "Cptn2"]
[Result "1-0"]
[WhiteElo "3093"]
[BlackElo "2474"]
[TimeControl "180+1"]
[EndTime "10:05:02 PDT"]
[Termination "Firouzja2003 won by resignation"]

1. d4 Nf6 2. Bg5 c5 3. d5 e6 4.
Nc3 h6 5. Bh4 d6 6. e4 Be7 7.
Bb5+ Nbd7 8. dxe6 fxe6 9. Nf3 O-O 10. Qe2 Ng4 11. Bg3 a6 12. Bc4 Nb6 13. Bd3 d5 14. e5 h5 15. O-O-O Nh6 16. h4 Nf5 17. Ng5 Bxg5+ 18. hxg5 Qxg5+ 19. Kb1 c4 20. Bxf5 Rxf5 21. Rd4 Bd7 22. Bh4 Qg6 23. g4 hxg4 24. Rxg4 Qh7 25. Rhg1 Rf7 26. Bf6 Raf8 27. Qe3 Rxf6 28. exf6 1-0

[Event "*** Titled Tuesday Blitz"]
[Site "Chess.com"]
[Date "2021.03.30"]
[Round "1"]
[White "QuintilianoR"]
[Black "SHIVACalypso"]
[Result "1-0"]
[WhiteElo "2740"]
[BlackElo "2398"]
[TimeControl "180+1"]
[EndTime "10:05:04 PDT"]
[Termination "QuintilianoR won by resignation"]

1. Nf3 Nf6 2. b3 e6 3. Bb2 d5 4.
c4 Be7 5. e3 O-O 6. Nc3 b6 7. d4 Bb7 8. cxd5 Nxd5 9. Bd3 Nd7 10.
O-O N7f6 11. Nxd5 Nxd5 12. Rc1 c5 13. dxc5 Bxc5 14. a3 Rc8 15. b4 Be7 16. Qe2 Bf6 17. Rfd1 Bxb2 18. Qxb2 Qf6 19. Qxf6 Nxf6 20. Nd4 a6 21. f3 Rfd8 22. Be2 Nd5 23. Kf2 Kf8 24. Bc4 Nf6 25. Bxe6 fxe6 26. Nxe6+ Ke7 27. Nxd8 Rxd8 28. Rc7+ Rd7 29. Rdxd7+ Nxd7 30. Rxb7 Kd6 31. Rxd7+ Kxd7 32. e4 Kc6 33. f4 Kb5 34. e5 1-0

[Event "*** Titled Tuesday Blitz"]
[Site "Chess.com"]
[Date "2021.03.30"]
[Round "1"]
[White "Nozdrachev_Leonid"]
[Black "politeplayer"]
[Result "1-0"]
[WhiteElo "2543"]
[BlackElo "2225"]
[TimeControl "180+1"]
[EndTime "10:05:04 PDT"]
[Termination "Nozdrachev_Leonid won by resignation"]

1. e4 e6 2. Nf3 c5 3. c3 Nf6 4. e5 Nd5 5. d4 cxd4 6. cxd4 d6 7.
a3 Nc6 8. Bd3 dxe5 9. dxe5 Be7 10.
O-O O-O 11. Re1 Qb6 12. Nbd2 Rd8 13. Nc4 Qc7 14. Qc2 h6 15. Qe2 b5 16. Qe4 f5 17.
exf6 Nxf6 18. Qg6 Rxd3 19. Bxh6 Bf8 20. Qxd3 bxc4 21. Qg6 Ne7 22. Qg5 Nh7 23. Qf4 Qxf4 24. Bxf4 Nd5 25. Be5 Nhf6 26. Rac1 Ba6 27. Bxf6 Nxf6 28.
Rxe6 Bc5 29. Rxa6 Ne4 30. Rxc4 Bxf2+ 31. Kf1 Re8 32. Rxe4 1-0

[Event "*** Titled Tuesday Blitz"]
[Site "Chess.com"]
[Date "2021.03.30"]
[Round "1"]
[White "Schwarzschidl"]
[Black "gxbg2000"]
[Result "1-0"]
[WhiteElo "2484"]
[BlackElo "1907"]
[TimeControl "180+1"]
[EndTime "10:05:08 PDT"]
[Termination "Schwarzschidl won by resignation"]

1. e4 e5 2. Nf3 Nc6 3. Nc3 Nf6 4. Bb5 d6 5. O-O Be7 6. d3 O-O 7. h3 a6 8. Ba4 b5 9. Bb3 Na5 10. Be3 Nxb3 11. axb3 Bb7 12. Qe2 c5 13. Nd2 Qd7 14.
f4 Rad8 15. Nf3 exf4 16. Bxf4 b4 17. Na4 Qb5 18. Rae1 Rde8 19. g4 Nd7 20. Qh2 Qc6 21.
g5 g6 22. Qg3 f6 23. gxf6 Rxf6 24. Bg5 Rf7 25. Qh4 Bf6 26. Bxf6 Nxf6 27. Ng5 Ref8 28.
Rxf6 1-0

[Event "*** Titled Tuesday Blitz"]
[Site "Chess.com"]
[Date "2021.03.30"]
[Round "1"]
[White "Blitzking642"]
[Black "Msb2"]
[Result "0-1"]
[WhiteElo "2461"]
[BlackElo "2915"]
[TimeControl "180+1"]
[EndTime "10:05:10 PDT"]
[Termination "Msb2 won by checkmate"]

1. e4 e6 2. d4 d5 3. Nd2 c5 4. exd5 Qxd5 5. Ngf3 cxd4 6. Bc4 Qd6 7.
O-O Nf6 8. Re1 Nc6 9. Ne4 Nxe4 10. Rxe4 Be7 11. Nxd4 e5 12. Bf4 exf4 13. Nxc6 Qxc6 14. Qe2 O-O 15. Rxe7 Bf5 16. Bb3 Rad8 17. Qe5 Qg6 18.
Qxf4 Bxc2 19. Rxb7 Be4 20. Rxf7 Qxg2# 0-1

[Event "*** Titled Tuesday Blitz"]
[Site "Chess.com"]
[Date "2021.03.30"]
[Round "1"]
[White "maximnovik"]
[Black "picturesquecheck"]
[Result "1-0"]
[WhiteElo "2548"]
[BlackElo "2239"]
[TimeControl "180+1"]
[EndTime "10:05:10 PDT"]
[Termination "maximnovik won by resignation"]

1. Nf3 c5 2. g3 Nc6 3. Bg2 g6 4. O-O Bg7 5. c3 d5 6. d4 cxd4 7. cxd4 Nf6 8. Ne5 O-O 9. Nc3 Bf5 10. Nxc6 bxc6 11. b3 Rc8 12. Bb2 h5 13. Rc1 Nd7 14. Na4 Re8 15. Qd2 e6 16. h3 e5 17. dxe5 Nxe5 18.
Nc5 Nd7 19. Bxg7 Kxg7 20. e3 Qe7 21. Qd4+ Kg8 22. Nxd7 Qxd7 23. Kh2 Be4 24. Rfd1 Bxg2 25. Kxg2 Qe7 26. Rc5 Rc7 27. Rdc1 Rec8 28. b4 f6 29. a3 Kg7 30. h4 Qd6 31. Qf4 Qxf4 32. gxf4 a6 33. Ra5 Ra7 34. Rxd5 a5 35. b5 cxd5 36. Rxc8 a4 37. b6 1-0

[Event "*** Titled Tuesday Blitz"]
[Site "Chess.com"]
[Date "2021.03.30"]
[Round "1"]
[White "louis198"]
[Black "biveklama"]
[Result "1-0"]
[WhiteElo "2583"]
[BlackElo "2288"]
[TimeControl "180+1"]
[EndTime "10:05:11 PDT"]
[Termination "louis198 won by resignation"]

1. d4 d5 2. c4 c6 3. Nc3 Nf6 4. Nf3 dxc4 5. e3 Bf5 6. a4 e6 7. Bxc4 Nbd7 8. O-O Nb6 9. Be2 a5 10. h3 Bb4 11. Ne5 O-O 12. Bd2 Re8 13. Rc1 h6 14. Be1 Nfd7 15. Nxd7 Qxd7 16. f3 Rad8 17. Bf2 Bg6 18. Qb3 e5 19. dxe5 Rxe5 20. Rfd1 Qc8 21. Rxd8+ Qxd8 22. Rd1 Qe8 23. e4 Nc8 24. Na2 Qf8 25.
Nxb4 axb4 26. Rd7 Re7 27. Bc5 Rxd7 28. Bxf8 Kxf8 29. Qxb4+ Ke8 30. a5 f6 31. a6 bxa6 32. Qb8 Rd8 33. Bxa6 Ne7 34. Qb6 Bf7 35. Bb7 Rd6 36.
Qc7 Rd1+ 37. Kh2 Rc1 38. b4 Be6 39. b5 Bd7 40. b6 Rb1 41. Ba6 1-0

[Event "*** Titled Tuesday Blitz"]
[Site "Chess.com"]
[Date "2021.03.30"]
[Round "1"]
[White "DanielNaroditsky"]
[Black "chegueps"]
[Result "1-0"]
[WhiteElo "3033"]
[BlackElo "2474"]
[TimeControl "180+1"]
[EndTime "10:05:14 PDT"]
[Termination "DanielNaroditsky won by resignation"]

1. d4 d6 2. e4 Nf6 3. Nc3 e5 4.
Nf3 Nbd7 5. Bd3 c6 6. O-O Be7 7. a4 O-O 8. Re1 Re8 9. b3 Bf8 10. Bb2 g6 11. a5 Bg7 12. a6 b5 13. Ne2 Qc7 14. c4 b4 15. c5 dxc5 16. dxe5 Ng4 17.
Qc2 Ndxe5 18. Nxe5 Bxe5 19. Ng3 Be6 20. Rac1 Rad8 21.
Bf1 h5 22. Bxe5 Qxe5 23. Qxc5 Qxc5 24. Rxc5 Bxb3 25. Rb1 Bc2 26. Rxc2 h4 27. Ne2 Rxe4 28. Rxc6 Ne5 29. Rc7 h3 30. Ng3 Rf4 31. Rxa7 Rd2 32. Re7 hxg2 33. Bxg2 Rfxf2 34. Bh1 Ng4 35. Ne4 Rg2+ 1-0

[Event "*** Titled Tuesday Blitz"]
[Site "Chess.com"]
[Date "2021.03.30"]
[Round "1"]
[White "sokidze"]
[Black "bolence16"]
[Result "1-0"]
[WhiteElo "2789"]
[BlackElo "2419"]
[TimeControl "180+1"]
[EndTime "10:05:14 PDT"]
[Termination "sokidze won by resignation"]

1. e4 e5 2. Nf3 Nc6 3. Bb5 Nd4 4. Nxd4 exd4 5. O-O c6 6. Bc4 a5 7. a4 Nf6 8. Re1 Bc5 9. d3 O-O 10. e5 d5 11.
exf6 dxc4 12. fxg7 Kxg7 13. Qh5 Re8 14. Bh6+ Kh8 15.
Nd2 Bb4 16. Bg5 Rxe1+ 17. Rxe1 Qd6 18. Qxf7 1-0

[Event "*** Titled Tuesday Blitz"]
[Site "Chess.com"]
[Date "2021.03.30"]
[Round "1"]
[White "Nice_2_M8te_U"]
[Black "barbara25"]
[Result "1-0"]
[WhiteElo "2556"]
[BlackElo "2244"]
[TimeControl "180+1"]
[EndTime "10:05:14 PDT"]
[Termination "Nice_2_M8te_U won by resignation"]

1. d4 Nf6 2. Nc3 e6 3. Bf4 d5 4. e3 a6 5. g4 Bd6 6. g5 Ne4 7. Nxe4 dxe4 8. Bg2 O-O 9. Bxe4 f6 10. g6 f5 11. gxh7+ Kxh7 12. Bg2 Bxf4 13. exf4 Nc6 14. c3 Kg8 15. Qh5 Ne7 16. Nf3 Rf6 17. Ng5 Rh6 18. Qf7+ Kh8 19. O-O-O Bd7 20. Rde1 Ng6 21. Nxe6 Bxe6 22.
Rxe6 Nxf4 23. Rxh6+ gxh6 24. Bxb7 Rb8 25. Qxf5 Qd6 26.
Be4 1-0

[Event "*** Titled Tuesday Blitz"]
[Site "Chess.com"]
[Date "2021.03.30"]
[Round "1"]
[White "MaevskiyNikolay"]
[Black "HrvojeZagreb"]
[Result "1-0"]
[WhiteElo "2531"]
[BlackElo "2209"]
[TimeControl "180+1"]
[EndTime "10:05:17 PDT"]
[Termination "MaevskiyNikolay won on time"]

1. Nf3 f5 2. d4 Nf6 3. g3 e6 4. Bg2 Be7 5. c4 O-O 6. d5 Ne4 7. O-O b5 8. cxb5 a6 9. dxe6 dxe6 10. Qxd8 Rxd8 11. Nfd2 Nxd2 12. Nxd2 Ra7 13. bxa6 Bxa6 14. Re1 Bb4 15. a3 Bxd2 16. Rd1 Bxe2 17. Rxd2 Rxd2 18.
Bxd2 Nd7 19. Rc1 Nb6 20. Be3 Bd3 21. Rc6 Kf7 22. Bxb6 cxb6 23. Rxb6 Bc4 24. h4 Bd5 25. Bf1 1-0

[Event "*** Titled Tuesday Blitz"]
[Site "Chess.com"]
[Date "2021.03.30"]
[Round "1"]
[White "MikeSailer"]
[Black "Balla_Tamas"]
[Result "0-1"]
[WhiteElo "2115"]
[BlackElo "2508"]
[TimeControl "180+1"]
[EndTime "10:05:18 PDT"]
[Termination "Balla_Tamas won by checkmate"]

1. d4 f5 2. e4 fxe4 3. Nc3 Nf6 4. Bg5 c6 5. Bxf6 exf6 6. Nxe4 d5 7. Ng3 Bd6 8. Bd3 Qe7+ 9. N1e2 g6 10. O-O O-O 11.
Re1 Qc7 12. c4 dxc4 13. Bxc4+ Kh8 14. h3 Nd7 15. Rc1 Nb6 16. Bb3 f5 17. Nf1 Qg7 18. Nc3 Bd7 19. d5 c5 20. Na4 Nxa4 21. Bxa4 b5 22.
Bc2 Qxb2 23. Nd2 Rae8 24. Nf3 Qf6 25. Qd2 Kg7 26. Qa5 Bb8 27. a4 a6 28. Bb1 c4 29. axb5 axb5 30. Rcd1 Qd6 31. Nd4 Qh2+ 32. Kf1 Qh1# 0-1

[Event "*** Titled Tuesday Blitz"]
[Site "Chess.com"]
[Date "2021.03.30"]
[Round "1"]
[White "MartinHollan"]
[Black "Orlov_Oleg"]
[Result "0-1"]
[WhiteElo "2227"]
[BlackElo "2595"]
[TimeControl "180+1"]
[EndTime "10:05:22 PDT"]
[Termination "Orlov_Oleg won by resignation"]

1. d4 c5 2. d5 Nf6 3. c4 e5 4. Nc3 d6 5. e4 Be7 6. Nge2 O-O 7. Ng3 Na6 8. Be2 Nc7 9. O-O a6 10. a4 Rb8 11. a5 Nce8 12. Bd2 g6 13. Na4 h5 14. Bg5 Nh7 15. Bxe7 Qxe7 16. Nb6 h4 17. Nh1 Ng5 18. f3 f5 19. Nf2 Nf6 20. Bd3 Nh5 21.
Re1 Nf4 22. Bf1 Qh7 23. Nxc8 Rbxc8 24. exf5 gxf5 25. Nd3 Nxd3 26. Bxd3 Qh5 27. f4 Qxd1 28. Raxd1 exf4 29. Re7 Rf7 30. Rxf7 Kxf7 31. Bxf5 Re8 32. Kf1 Kf6 33. Bg4 Re4 34. Be2 Ke5 35. Bd3 Re3 36.
Kf2 h3 37. Bf1 Rb3 38. Rd2 Ne4+ 39. Ke1 Nxd2 0-1

[Event "*** Titled Tuesday Blitz"]
[Site "Chess.com"]
[Date "2021.03.30"]
[Round "1"]
[White "retropwr"]
[Black "Zkid"]
[Result "0-1"]
[WhiteElo "2442"]
[BlackElo "2848"]
[TimeControl "180+1"]
[EndTime "10:05:23 PDT"]
[Termination "Zkid won by resignation"]

1. c4 e5 2. Nc3 Nc6 3. Nf3 Nf6 4. e3 Bb4 5. Qc2 Bxc3 6. Qxc3 Qe7 7. d4 exd4 8. Nxd4 Nxd4 9. Qxd4 c5 10. Qd2 Qe5 11.
Be2 O-O 12. O-O d5 13. cxd5 Rd8 14. Qc3 Qxc3 15. bxc3 Nxd5 16. Bb2 Be6 17. Rfd1 Nb6 18. Ba3 Na4 19. Rxd8+ Rxd8 20. Bb5 Nxc3 21. Bf1 b6 22.
Bb2 Nxa2 23. f4 f6 0-1

[Event "*** Titled Tuesday Blitz"]
[Site "Chess.com"]
[Date "2021.03.30"]
[Round "1"]
[White "DonPreuss"]
[Black "sofaceindisguise"]
[Result "0-1"]
[WhiteElo "2288"]
[BlackElo "2583"]
[TimeControl "180+1"]
[EndTime "10:05:23 PDT"]
[Termination "sofaceindisguise won by resignation"]

1. d4 Nf6 2. Nc3 d5 3. e4 dxe4 4. f3 exf3 5. Nxf3 Bg4 6. h3 Bh5 7. g4 Bg6 8. Ne5 Nbd7 9. Qf3 c6 10. Nxg6 hxg6 11. g5 Nh5 12. Bc4 e6 13. Be3 Be7 14. h4 Nb6 15. Bb3 Nd5 16. O-O-O a5 17. a3 Nxc3 18. bxc3 Bxa3+ 19. Kd2 Bd6 20. Rdf1 Qe7 21.
Bc4 a4 22. Rb1 O-O 23. Be2 a3 24. Qe4 Ng3 25. Qd3 Nxh1 26. Rxh1 a2 27. Ra1 e5 28. h5 gxh5 29. Bxh5 exd4 30. cxd4 Ra3 31. c3 Bb4 32. g6 Rxc3 33. gxf7+ Rxf7 34. Bxf7+ Qxf7 35. Qxc3 Bxc3+ 36. Kxc3 b5 0-1

[Event "*** Titled Tuesday Blitz"]
[Site "Chess.com"]
[Date "2021.03.30"]
[Round "1"]
[White "Vandros57"]
[Black "MasterKroket"]
[Result "0-1"]
[WhiteElo "2200"]
[BlackElo "2528"]
[TimeControl "180+1"]
[EndTime "10:05:25 PDT"]
[Termination "MasterKroket won by resignation"]

1. d4 Nf6 2. c4 e6 3. Nf3 d5 4.
Nc3 Be7 5. Bg5 O-O 6. e3 Nbd7 7.
Rc1 a6 8. cxd5 exd5 9. Bd3 Re8 10. O-O Nf8 11. h3 Ne6 12. Bxf6 Bxf6 13. Ne5 c5 14. f4 cxd4 15. exd4 Qb6 16. Ne2 g6 17.
Bb1 Nxf4 18. Rxf4 Bxe5 19. Rf3 Bg7 20. Kh1 Qxb2 21. Nf4 Qxd4 22. Nxd5 Be6 23. Qxd4 Bxd4 24. Nc7 Rac8 25. Rd1 Rxc7 0-1

[Event "*** Titled Tuesday Blitz"]
[Site "Chess.com"]
[Date "2021.03.30"]
[Round "1"]
[White "Grandmaster1369"]
[Black "GM_Crest"]
[Result "1-0"]
[WhiteElo "2420"]
[BlackElo "2729"]
[TimeControl "180+1"]
[EndTime "10:05:27 PDT"]
[Termination "Grandmaster1369 won on time"]

1. e4 c5 2. Nf3 d6 3. Bb5+ Bd7 4.
Bxd7+ Qxd7 5. O-O Nf6 6. Re1 Nc6 7. c3 e6 8. d4 cxd4 9. cxd4 d5 10. e5 Ne4 11.
Nbd2 Nxd2 12. Bxd2 Be7 13. Rc1 h6 14. Rc3 O-O 15. h4 f6 16. exf6 Rxf6 17. Rce3 Raf8 18. Qe2 Nxd4 19. Nxd4 Rxf2 20. Qd3 e5 21. Nf3 Rxg2+ 22. Kxg2 Qg4+ 23. Kh1 d4 24. Nh2 Qxh4 25. Rh3 Qf6 26. Qe4 Bd6 27. Ng4 Qe6 28. Rg1 Kh8 29. Bxh6 1-0

[Event "*** Titled Tuesday Blitz"]
[Site "Chess.com"]
[Date "2021.03.30"]
[Round "1"]
[White "Vincent_Vega95"]
[Black "Oglob71"]
[Result "1-0"]
[WhiteElo "2748"]
[BlackElo "2404"]
[TimeControl "180+1"]
[EndTime "10:05:27 PDT"]
[Termination "Vincent_Vega95 won by resignation"]

1. d4 Nf6 2. c4 e6 3. Nc3 Bb4 4.
e3 O-O 5. Ne2 d5 6. a3 Be7 7.
cxd5 exd5 8. g3 Re8 9. Bg2 c6 10. O-O Bf5 11. f3 c5 12. g4 Be6 13. Nf4 cxd4 14. exd4 Bc8 15. g5 Nfd7 16. Nfxd5 Nb6 17. Nxe7+ Rxe7 18. f4 Nc6 19. d5 Na5 20. f5 Rc7 21. Bf4 Rc4 22. Bg3 Bd7 23. f6 g6 24. Re1 Bg4 25.
Qd3 Rac8 26. Re7 Bf5 27. Qe2 h6 28. gxh6 Rxc3 29. bxc3 Nac4 30. Re1 Nd6 31. h7+ Kxh7 32. Bxd6 Qxd6 33. Rxf7+ Kg8 34. Rg7+ Kf8 35. Qe7+ Qxe7 36.
Rexe7 Rd8 37. Rh7 1-0

[Event "*** Titled Tuesday Blitz"]
[Site "Chess.com"]
[Date "2021.03.30"]
[Round "1"]
[White "Legendinunknown"]
[Black "SmallTurtleDuck"]
[Result "1-0"]
[WhiteElo "2611"]
[BlackElo "2309"]
[TimeControl "180+1"]
[EndTime "10:05:29 PDT"]
[Termination "Legendinunknown won by resignation"]

1. d4 d5 2. c4 c6 3. Nf3 Nf6 4. Nc3 e6 5. Bg5 dxc4 6. e4 b5 7. e5 h6 8. Bh4 g5 9. Nxg5 hxg5 10. Bxg5 Nbd7 11. exf6 Bb7 12. g3 Qb6 13. Bg2 O-O-O 14.
O-O c5 15. d5 b4 16. Na4 Qa6 17. a3 Bxd5 18. Bxd5 Ne5 19. axb4 Rxd5 20. Qe2 cxb4 21. b3 Qc6 22. f4 Bc5+ 23. Nxc5 Qxc5+ 24. Qf2 Qxf2+ 25. Rxf2 Nd3 26. bxc4 Rxg5 27. fxg5 Nxf2 28. Kxf2 Rxh2+ 29. Ke3 Kb7 30. Ra4 Rb2 31. g6 Rb3+ 32. Kf4 fxg6 33. f7 Rb1 34. Rxb4+ Rxb4 35. f8=Q Rxc4+ 36. Kg5 a5 37. Qf7+ Kb6 38. Qxg6 Rc5+ 39. Kf6 Kb5 40.
Qd3+ Kb4 41. Qd4+ Rc4 42. Qb6+ Ka4 43. Kxe6 Rb4 44. Qc5 Rg4 45. Qc2+ Kb4 46. Qd2+ Ka4 47. Qd1+ 1-0

[Event "*** Titled Tuesday Blitz"]
[Site "Chess.com"]
[Date "2021.03.30"]
[Round "1"]
[White "Gahan-MG"]
[Black "TeukkaSalama"]
[Result "1-0"]
[WhiteElo "2659"]
[BlackElo "2349"]
[TimeControl "180+1"]
[EndTime "10:05:31 PDT"]
[Termination "Gahan-MG won by resignation"]

1. e4 e5 2. Nf3 Nc6 3. d4 exd4 4.
Nxd4 Nf6 5. Nc3 Bb4 6. Nxc6 bxc6 7. Bd3 d5 8. exd5 cxd5 9. O-O O-O 10. Bg5 c6 11. Qf3 Be6 12. h3 Bd6 13. Ne2 Rb8 14.
b3 Rb4 15. Rae1 Re8 16. Nf4 h6 17. Nxe6 Rxe6 18. Rxe6 fxe6 19. Bd2 Rb8 20. c4 e5 21. cxd5 cxd5 22. Bg6 e4 23. Qf5 Qe7 24. Bc3 Rd8 25. Bxf6 Qxf6 26. Qxd5+ Kh8 27. Qxe4 Rf8 28. Bh5 Qg5 29.
Be2 Rb8 30. Bd3 Kg8 31. Qe6+ Kh8 32. Qxd6 1-0

[Event "*** Titled Tuesday Blitz"]
[Site "Chess.com"]
[Date "2021.03.30"]
[Round "1"]
[White "horripile"]
[Black "poneis_malditos"]
[Result "1-0"]
[WhiteElo "2598"]
[BlackElo "2301"]
[TimeControl "180+1"]
[EndTime "10:05:33 PDT"]
[Termination "horripile won by resignation"]

1. e4 c5 2. Nf3 e6 3. g3 Nc6 4. Bg2 Nge7 5. O-O d5 6. exd5 Nxd5 7. d4 Be7 8. a3 O-O 9. c4 Nf6 10. dxc5 Bxc5 11. b4 Be7 12. Bb2 Qc7 13. Qe2 a5 14. b5 Nb8 15. Nc3 Nbd7 16. Na4 b6 17. Ne5 Bb7 18.
Nc6 Bd6 19. Rfd1 Rac8 20. Bd4 Bxc6 21. bxc6 Nc5 22. Bxc5 Bxc5 23. Nxc5 bxc5 24. Rab1 Rb8 25. Rb5 Rxb5 26. cxb5 Qb6 27. a4 Ne8 28. Qe3 Nd6 29. Rc1 Nf5 30. Qxc5 Qc7 31. b6 1-0

[Event "*** Titled Tuesday Blitz"]
[Site "Chess.com"]
[Date "2021.03.30"]
[Round "1"]
[White "tvjosue"]
[Black "Olga_Zhuravleva"]
[Result "0-1"]
[WhiteElo "2567"]
[BlackElo "2303"]
[TimeControl "180+1"]
[EndTime "10:05:33 PDT"]
[Termination "Olga_Zhuravleva won by checkmate"]

1. d4 g6 2. c4 Bg7 3. Nc3 d6 4. e4 Nc6 5. Be3 e5 6. d5 Nce7 7.
f3 f5 8. Bd3 Nf6 9. Nge2 O-O 10. Qd2 a6 11. Rc1 Kh8 12. h3 f4 13. Bf2 Nh5 14.
c5 Bd7 15. cxd6 cxd6 16. O-O g5 17. b3 Ng6 18. Na4 Bxa4 19. bxa4 Qd7 20. Qb4 Bf6 21. a5 Bd8 22. Nc3 Ng3 23. Rfe1 Nh4 24. Kh2 h5 25. Ne2 g4 26. Nxg3 fxg3+ 27. Bxg3 gxf3 28. Bxh4 Bxh4 29. g3 Bxg3+ 30. Kxg3 Rg8+ 31. Kxf3 Qxh3+ 32. Kf2 Rg2+ 33. Kf1 Qh1# 0-1

[Event "*** Titled Tuesday Blitz"]
[Site "Chess.com"]
[Date "2021.03.30"]
[Round "1"]
[White "aljado"]
[Black "LileKoridze"]
[Result "0-1"]
[WhiteElo "2096"]
[BlackElo "2504"]
[TimeControl "180+1"]
[EndTime "10:05:35 PDT"]
[Termination "LileKoridze won by resignation"]

1. e4 c5 2. Nf3 d6 3. c3 Nf6 4. Bc4 e6 5. Qe2 Be7 6. O-O O-O 7. d4 cxd4 8. cxd4 d5 9. exd5 Nxd5 10. Nc3 Nc6 11. a3 Bf6 12. Rd1 a6 13. Be3 b5 14.
Bd3 Bb7 15. Nxd5 Qxd5 16. Rac1 Kh8 17. Rc5 Qd7 18. Ne5 Qd6 19. Qh5 g6 20. Qh3 Nxe5 21.
dxe5 Bxe5 22. Rxe5 Qxe5 23. Bxg6 Qg7 24. Bb1 Rfd8 25.
Re1 f5 26. Bh6 Qg6 27. Qc3+ Kg8 28. g3 Qxh6 29. Qc7 Qg7 30. Qe5 Qxe5 0-1

[Event "*** Titled Tuesday Blitz"]
[Site "Chess.com"]
[Date "2021.03.30"]
[Round "1"]
[White "AniJak"]
[Black "NicoChasin"]
[Result "0-1"]
[WhiteElo "2316"]
[BlackElo "2615"]
[TimeControl "180+1"]
[EndTime "10:05:37 PDT"]
[Termination "NicoChasin won by resignation"]

1. e4 c5 2. Nf3 e6 3. g3 Nc6 4. Bg2 Nf6 5. Nc3 d5 6. exd5 exd5 7. d4 Bg4 8. O-O cxd4 9. Nb5 Be7 10. Nbxd4 O-O 11.
c3 Ne4 12. h3 Bh5 13. g4 Bg6 14. Bf4 Bc5 15. Nxc6 bxc6 16. Ne5 Qf6 17. Nd3 Bb6 18. a4 Nxf2 19. Rxf2 Bxd3 20. Bg3 Ba6 21. a5 Bxf2+ 22.
Bxf2 Rfe8 23. Bd4 Qd6 24. b4 Qg3 25. Qf3 Qxf3 26. Bxf3 Be2 27. Bg2 f6 28. Re1 Bc4 29. Rd1 Kf7 30. Bf3 Be2 31. Bxe2 Rxe2 32. c4 dxc4 33.
Bc5 c3 34. Rd7+ Kg6 35. h4 c2 36. h5+ Kh6 0-1

[Event "*** Titled Tuesday Blitz"]
[Site "Chess.com"]
[Date "2021.03.30"]
[Round "1"]
[White "mishanick"]
[Black "fm_magua"]
[Result "1-0"]
[WhiteElo "2976"]
[BlackElo "2471"]
[TimeControl "180+1"]
[EndTime "10:05:38 PDT"]
[Termination "mishanick won by resignation"]

1. e4 c5 2. Nf3 Nc6 3. d4 cxd4 4. Nxd4 e5 5. Nb5 d6 6. N1c3 a6 7. Na3 b5 8. Nd5 Nce7 9. c4 Nxd5 10. exd5 bxc4 11.
Nxc4 f5 12. Be3 Nf6 13. Be2 Bb7 14. Bb6 Qd7 15. O-O Nxd5 16. Re1 Rc8 17. Ba5 Be7 18. Qb3 Qc6 19. Rad1 Nf4 20. Bf3 e4 21. Nxd6+ Bxd6 22. Rd4 Be5 23. Rb4 exf3 24. Rxe5+ Kf8 25. Rxf4 Qc1+ 26. Re1 Qxf4 27. Bb4+ 1-0